 Dungeon Crawl Stone Soup version 0.19-a0-1834-g6b7851e (webtiles) character file.

4900 dvd the Thaumaturge (level 10, -2/63 HPs)
             Began as a High Elf Air Elementalist on Oct 8, 2016.
             Was a Believer of Vehumet.
             Slain by a hornet (11 damage)
             ... on level 9 of the Dungeon.
             The game lasted 00:41:57 (10097 turns).

dvd the Thaumaturge (High Elf Air Elementalist)    Turns: 10097, Time: 00:41:58

Health: -2/63      AC:  6    Str:  6 (8)  XL:     10   Next: 27%
Magic:  18/32      EV: 15    Int: 20 (21) God:    Vehumet [**....]
Gold:   428        SH:  0    Dex: 16 (17) Spells: 6 memorised, 10 levels left

rFire  . . .     SeeInvis .     a - +1 long sword (freeze)
rCold  . . .     Gourm    .     l - +0 robe
rNeg   . . .     Faith    +     (no shield)
rPois  .         Spirit   .     y - +0 helmet
rElec  .         Dismiss  .     q - +0 cloak
rCorr  .         Reflect  .     (no gloves)
MR     +....     Harm     .     A - +1 pair of boots
Stlth  ++++......               S - amulet of faith
                                L - ring of magical power
                                x - ring of stealth

@: lethally poisoned (-2 -> -25), about to teleport, slowed, repel missiles,
very slow
A: no striking features
a: Renounce Religion


You were on level 9 of the Dungeon.
You worshipped Vehumet.
Vehumet was pleased with you.
You were very hungry.

You visited 2 branches of the dungeon, and saw 10 of its levels.

You collected 428 gold pieces.

Inventory:

Hand Weapons
 a - a +1 long sword of freezing (weapon)
 f - a +2 long sword
 r - a +1 rapier
 C - a +3 quarterstaff of chaos
 K - a +0 dagger of freezing
Armour
 g - a +0 shield
 j - a +2 ring mail of positive energy
 l - a +0 robe (worn)
 n - a +2 chain mail of poison resistance
 q - a +0 cloak (worn)
 y - a +0 helmet (worn)
 A - a +1 pair of boots (worn)
 H - a +0 buckler
Jewellery
 x - a ring of stealth (left hand)
 L - a ring of magical power (right hand)
 S - an amulet of faith (around neck)
Wands
 F - a wand of teleportation (6/9)
 G - a wand of digging (18/24)
 I - a wand of iceblast (8/15)
 O - a wand of iceblast (4/15)
Scrolls
 d - a scroll of recharging
 h - a scroll of magic mapping
 k - a scroll of enchant weapon
 P - 2 scrolls of identify
Potions
 e - a potion of cure mutation
 s - a potion of haste
 v - a potion of heal wounds
Books
 b - a book of Air

   Spells                             Type                      Level
   a - Shock                          Conjuration/Air              1
   b - Swiftness                      Charms/Air                   2
   c - Repel Missiles                 Charms/Air                   2
   d - Static Discharge               Conjuration/Air              3
   e - Lightning Bolt                 Conjuration/Air              5
 t - a book of Conjurations

   Spells                             Type                      Level
   a - Magic Dart                     Conjuration                  1
   b - Searing Ray                    Conjuration                  2
   c - Dazzling Spray                 Conjuration/Hexes            3
   d - Fulminant Prism                Conjuration/Hexes            4
   e - Iskenderun's Mystic Blast      Conjuration                  4
   f - Iskenderun's Battlesphere      Conjuration/Charms           5
 z - a book of Battle

   Spells                             Type                      Level
   a - Infusion                       Charms                       1
   b - Shroud of Golubria             Charms/Translocation         2
   c - Song of Slaying                Charms                       2
   d - Spectral Weapon                Hexes/Charms                 3
   e - Regeneration                   Charms/Necromancy            3
 J - a book of Necromancy

   Spells                             Type                      Level
   a - Pain                           Necromancy                   1
   b - Animate Skeleton               Necromancy                   1
   c - Vampiric Draining              Necromancy                   3
   d - Regeneration                   Charms/Necromancy            3
   e - Animate Dead                   Necromancy                   4
   f - Control Undead                 Necromancy                   4
 Q - a book of Callings

   Spells                             Type                      Level
   a - Summon Small Mammal            Summoning                    1
   b - Call Imp                       Summoning                    2
   c - Call Canine Familiar           Summoning                    3
   d - Summon Guardian Golem          Hexes/Summoning              3
   e - Summon Lightning Spire         Summoning/Air                4
   f - Summon Ice Beast               Ice/Summoning                4
Comestibles
 c - 5 bread rations
 u - 2 meat rations
 w - 7 fruits
 N - 2 beef jerkies
 R - a slice of pizza


   Skills:
 + Level 3.5 Fighting
 + Level 4.3(6.2) Short Blades
 + Level 6.9(7.5) Long Blades
 + Level 5.2 Dodging
 + Level 5.6 Stealth
 + Level 0.3 Shields
 + Level 8.5 Spellcasting
 + Level 6.3 Conjurations
 + Level 1.4 Charms
 + Level 0.1 Necromancy
 + Level 7.8 Air Magic
 + Level 1.0 Evocations


You had 10 spell levels left.
You knew the following spells:

 Your Spells              Type           Power        Failure   Level  Hunger
a - Shock                 Conj/Air       ####         1%          1    None
b - Repel Missiles        Chrm/Air       ####..       1%          2    None
c - Static Discharge      Conj/Air       #####...     1%          3    None
d - Lightning Bolt        Conj/Air       #####.....   14%         5    #####..
e - Regeneration          Chrm/Necr      ##........   21%         3    None
f - Shroud of Golubria    Chrm/Tloc      ##........   12%         2    None


Dungeon Overview and Level Annotations

Branches:
Dungeon (9/15)             Temple (1/1) D:6            Lair (0/6) D:8
    Orc: D:9-12

Altars:
Ashenzari
Cheibriados
Dithmenos
Elyvilon
Fedhas
Gozag
Hepliaklqana
Kikubaaqudgha
Makhleb
Nemelex Xobeh
Okawaru
Qazlal
Ru
Sif Muna
Vehumet
Xom
Yredelemnul
Zin
The Shining One

Shops:
D:4 ?

Annotations:
D:9 exclusion: oklob sapling


Message History

You are poisoned.
You suddenly lose the ability to move!
The hornet stings you!
You feel yourself slow down.
You feel sick. The hornet stings you.
You are more poisoned.
You feel as though you will be slow longer.
You feel sick. The hornet stings you!
You shrug off the repeated paralysis!
A sky beast appears from thin air!
Reactivating autopickup.
The hornet stings you!
* * * LOW HITPOINT WARNING * * *
You are more poisoned.
You feel as though you will be slow longer.
You can move again.
As you read the scroll of teleportation, it crumbles to dust.
You feel strangely unstable.
* * * LOW HITPOINT WARNING * * *
You feel very sick. The hornet stings you!
You die...

#.........♣ ♣..P≈...#
#.#######'♣♣♣♣♣PP≈....#
#.#.........≈≈≈≈≈.....## #
#.........#..........#
####......#...÷......#
#.####.#..........# ####### #.#
#Y#..........#### ......# ##.##
#y#.............#
......####...###@#........######
..........._....(.).......#
.......###...####.........######
.......# ##.## #..............#
####...# #.# #.........######
#...####.# ##........#
#........# #........######
#....).#.# #.............#
#........# #.............#


You could see a hornet and a sky beast.

Vanquished Creatures
  Pikel (D:5)
  A troll (D:9)
  Prince Ribbit (D:8)
  A basilisk (D:7)
  Edmund (D:6)
  Duvessa (D:6)
  An ice beast (D:6)
  3 orc warriors
  A slave (D:5)
  5 sky beasts
  A phantom (D:9)
  8 ogres
  A crocodile (D:8)
  2 centaurs
  A big kobold (D:4)
  3 scorpions
  Dowan (D:6)
  3 wights (D:5)
  2 howler monkeys
  A bullfrog zombie (D:7)
  A centaur zombie (D:5)
  6 crimson imps
  3 hounds
  A quasit (D:9)
  3 orc priests
  A jelly (D:6)
  Crazy Yiuf (D:6)
  2 iguanas
  4 bullfrog skeletons
  4 orc wizards
  9 worker ants
  2 hound skeletons
  2 worker ant zombies
  7 gnolls
  14 adders
  A river rat (D:8)
  A shadow imp (D:5)
  2 oozes
  An adder zombie (D:9)
  An adder skeleton (D:8)
  2 worms
  2 dart slugs
  4 leopard geckos
  23 orcs
  8 ball pythons
  8 giant cockroaches
  5 goblins
  3 hobgoblins
  17 jackals
  A quokka (D:3)
  5 bats
  9 frilled lizards
  A jackal skeleton (D:8)
  A jackal zombie (D:4)
  4 kobolds
  2 leopard gecko skeletons (D:4)
  A quokka skeleton (D:5)
  10 rats
  2 fungi (D:8)
213 creatures vanquished.

Vanquished Creatures (others)
  An ice beast (D:5)
  A sky beast (D:5)
  2 slaves (D:5)
  An orc wizard (D:5)
  An adder skeleton (D:5)
  A frilled lizard (D:5)
  8 fungi (D:8)
15 creatures vanquished.

Grand Total: 228 creatures vanquished

Notes
Turn   | Place    | Note
-------+----------+-------------------------------------------
     0 | D:1      | dvd the High Elf Air Elementalist began the quest for the Orb.
     0 | D:1      | Reached XP level 1. HP: 11/11 MP: 4/4
   251 | D:1      | Reached XP level 2. HP: 14/17 MP: 0/6
   306 | D:1      | Learned a level 2 spell: Repel Missiles
  1371 | D:3      | Reached XP level 3. HP: 21/21 MP: 5/8
  1425 | D:3      | Learned a level 3 spell: Static Discharge
  1605 | D:3      | Reached skill level 3 in Spellcasting
  1899 | D:3      | Reached XP level 4. HP: 27/27 MP: 4/10
  2401 | D:4      | Noticed a big kobold
  2405 | D:4      | Reached skill level 4 in Spellcasting
  2412 | D:4      | Reached XP level 5. HP: 31/31 MP: 3/12
  2414 | D:4      | Reached skill level 1 in Short Blades
  2414 | D:4      | Reached skill level 5 in Air Magic
  2420 | D:4      | Reached XP level 6. HP: 36/36 MP: 2/13
  2510 | D:4      | Learned a level 5 spell: Lightning Bolt
  2556 | D:4      | Found Cihag's Magic Scroll Emporium.
  3607 | D:4      | Reached skill level 5 in Spellcasting
  3607 | D:4      | Reached XP level 7. HP: 42/42 MP: 8/15
  3653 | D:5      | Entered Level 5 of the Dungeon
  4192 | D:5      | Reached skill level 6 in Spellcasting
  4407 | D:5      | Noticed Pikel
  4425 | D:5      | Killed Pikel
  4425 | D:5      | Reached skill level 1 in Fighting
  4425 | D:5      | Reached XP level 8. HP: 8/48 MP: 5/18
  5641 | D:6      | Noticed Dowan
  5776 | D:5      | Reached skill level 5 in Stealth
  5963 | D:6      | Reached skill level 5 in Conjurations
  6002 | D:6      | Found a runed door.
  6006 | D:6      | Noticed Crazy Yiuf
  6008 | D:6      | Killed Crazy Yiuf
  6062 | D:6      | Noticed Edmund
  6082 | D:6      | Reached skill level 7 in Spellcasting
  6082 | D:6      | Reached XP level 9. HP: 54/54 MP: 9/20
  6133 | D:6      | Killed Edmund
  6289 | D:6      | Learned a level 3 spell: Regeneration
  6605 | D:6      | Noticed Duvessa
  6607 | D:6      | Killed Dowan
  6610 | D:6      | Killed Duvessa
  6945 | D:6      | Found a staircase to the Ecumenical Temple.
  6954 | Temple   | Entered the Ecumenical Temple
  7152 | Temple   | Became a worshipper of Vehumet
  7563 | D:7      | Reached skill level 1 in Evocations
  7958 | D:7      | Reached skill level 5 in Long Blades
  8539 | D:8      | Found a staircase to the Lair.
  8616 | D:8      | Reached skill level 5 in Dodging
  8656 | D:8      | Reached skill level 8 in Spellcasting
  8800 | D:7      | Reached * piety under Vehumet
  8800 | D:7      | Offered knowledge of Sting by Vehumet.
  9001 | D:8      | Noticed Prince Ribbit
  9011 | D:8      | Learned a level 2 spell: Shroud of Golubria
  9023 | D:8      | Killed Prince Ribbit
  9023 | D:8      | Reached XP level 10. HP: 59/63 MP: 17/23
  9699 | D:9      | Found a glowing golden altar of the Shining One.
  9713 | D:9      | Reached ** piety under Vehumet
  9713 | D:9      | Offered knowledge of Freeze by Vehumet.
  9719 | D:9      | Reached skill level 1 in Charms
  9878 | D:9      | Found a blossoming altar of Fedhas.
 10094 | D:9      | Paralysed by a hornet for 3 turns
 10097 | D:9      | Slain by a hornet

Vault maps used:
D:1:      minmay_arrival_glassed_features, minivault_25
D:4:      serial_shops, shop, minivault_23, st_stairs_13, minmay_misc_feat_alley
D:5:      first_bread, uniq_pikel
D:6:      uniq_duvessa, uniq_edmund, uniq_crazy_yiuf_cottage
D:8:      due_lair_maze_entry_diamond, uniq_prince_ribbit1
D:9:      nicolae_overflow_crystal_walls, gammafunk_temple_overflow_pools,
          serial_shops, shop, shop, basic_altar, introduction_to_nature_1
Temple:   eino_narrow_crystal_temple

Skill      XL: |  1  2  3  4  5  6  7  8  9 10 |
---------------+-------------------------------+-----
Air Magic      | 4 5 6 7 |  7.8
Spellcasting   | 3 4 5 6 7 8 |  8.5
Conjurations   | 2 3 4 5 6 |  6.3
Short Blades   | 1 2 4 |  4.3
Stealth        | 3 4 5 |  5.6
Fighting       | 1 2 3 |  3.5
Long Blades    | 2 4 6 |  6.9
Dodging        | 3 5 |  5.2
Evocations     | 1 |  1.0
Charms         | 1 |  1.4
Shields        | |  0.3
Necromancy     | |  0.1

Action                   |  1- 3 |  4- 6 |  7- 9 | 10-12 || total
-------------------------+-------+-------+-------+-------++-------
Melee: Unarmed           |     4 |       |       |       ||     4
       Rapier            |     6 |    23 |    14 |       ||    43
       Long sword        |       |       |   184 |    45 ||   229
 Cast: Shock             |    72 |    59 |   152 |    60 ||   343
       Repel Missiles    |     1 |       |       |     1 ||     2
       Static Discharge  |       |     1 |    22 |    16 ||    39
       Lightning Bolt    |       |       |     6 |     4 ||    10
       Regeneration      |       |       |     2 |     9 ||    11
       Shroud of Golubri |       |       |     1 |     3 ||     4
Evoke: Wand              |       |       |     8 |     2 ||    10
  Use: Scroll            |       |    10 |     9 |     5 ||    24
       Potion            |       |       |     3 |     7 ||    10
 Stab: Sleeping          |     1 |     3 |     6 |     1 ||    11
  Eat: Chunk             |     3 |     3 |    16 |     4 ||    26
       Pizza             |       |     1 |     1 |       ||     2
       Royal jelly       |       |       |     1 |       ||     1
Armor: Robe              |     5 |     4 |    68 |    17 ||    94
       Skin              |       |       |     4 |       ||     4
Dodge: Dodged            |     9 |    24 |   162 |    50 ||   245
       Deflected         |       |       |     3 |     1 ||     4
Block: Shield            |       |       |     4 |       ||     4
       Rpst.: Long sword |       |       |    45 |    16 ||    61
